 Dungeon Crawl Stone Soup version 0.30-a0-1016-gfb0d676c02 (webtiles) character file.

Game seed: 12154472728187066395

2205489 Glaciallarry the Hoplite (level 27, 228/228 HPs)
             Began as a Djinni Earth Elementalist on Feb 26, 2023.
             Was the Champion of Ashenzari.
             Escaped with the Orb
             ... and 4 runes on Apr 6, 2023!
             The game lasted 06:01:04 (75085 turns).

Glaciallarry the Hoplite (DjEE)                    Turns: 75085, Time: 06:01:05

Health: 228/228    AC: 22    Str:  4    XL:     27
Gold:   3784       EV: 24    Int: 33    God:    Ashenzari [******] SH: 30 Dex: 18

rFire   + + +      SeeInvis +    e - +8 spear "Circumscribed Augurer" {flame, rElec rC++ rCorr Dex+3, Cun, Evo} (curse)
rCold   + + +      Faith    .    q - +4 tower shield of Ashenzari's Apathy {rC+, Evo, Self} (curse)
rNeg    + . .      Spirit   .    u - +3 troll leather armour "Tethered Urgency" {Regen+, Fort, Self} (curse)
rPois   ∞          Reflect  .    D - +2 helmet of the Pangnostic Welkin {Int+3, Self, Cun} (curse)
rElec   +          Rampage  .    w - +2 cloak "Profound Pragmatism" {rF+, Fort, Range} (curse)
rCorr   +          Clarity  +    s - +2 pair of gloves of Ashenzari's Sybil {Melee, Cun} (curse)
Will    +++++                    (boots unavailable)
Stlth   ++                       U - amulet of Ouranomancy {Regen+, Self, Evo} (curse)
HPRegen 2.18/turn                G - ring "Gnostic Secrets" {Wiz rN+, Self, Cun} (curse)
MPRegen 0.00/turn                k - ring "Share My Adversity" {Ice rElec Will+++ rCorr Str-3, Self, Evo} (curse)

@: mighty, brilliant, resistant, flying, hasted, studying Evocations, invisible,
very quick
A: sickness immunity, fire resistance 2, cold vulnerability 1, float, innate
caster, HP casting, extra vitality 1
0: Orb of Zot
}: 4/15 runes: decaying, serpentine, slimy, silver
a: Renounce Religion, Shatter the Chains


You escaped.
You worshipped Ashenzari.
Ashenzari was exalted by your worship.
You visited 11 branches of the dungeon, and saw 53 of its levels.
You visited 1 bazaar.
You also visited: Ossuary, Ice Cave and Volcano.

You collected 8846 gold pieces.
You spent 5062 gold pieces at shops.

Inventory:

Hand Weapons
 e - the cursed +8 spear "Circumscribed Augurer" (weapon) {flame, rElec rC++ rCorr Dex+3, Cun, Evo}
   (You bought it in a shop in a bazaar)

   Dex:       It affects your dexterity (+3).
   rC:        It greatly protects you from cold.
   rElec:     It insulates you from electricity.
   rCorr:     It protects you from acid and corrosion.
   It has a curse which improves the following skills: Cunning: Dodging and
   Stealth.
   Evocations: Evocations.
Missiles
 C - 13 silver javelins
 E - 7 throwing nets
 P - 10 curare-tipped darts
Armour
 q - the cursed +4 tower shield of Ashenzari's Apathy (worn) {rC+, Evo, Self}
   (You found it on level 13 of the Dungeon)

   It has a curse which improves the following skills: Evocations: Evocations.
   Introspection: Fighting and Spellcasting.
 s - the cursed +2 pair of gloves of Ashenzari's Sybil (worn) {Melee, Cun}
   (You found it on level 13 of the Dungeon)

   It has a curse which improves the following skills: Melee Combat: Short
   Blades, Long Blades, Axes, Maces & Flails, Polearms, Staves and Unarmed
   Combat.
   Cunning:   Dodging and Stealth.
 u - the cursed +3 troll leather armour "Tethered Urgency" (worn) {Regen+, Fort, Self}
   (You found it on level 10 of the Dungeon)

   Regen:     It increases your rate of health regeneration.
   It has a curse which improves the following skills: Fortitude: Armour and
   Shields.
   Introspection: Fighting and Spellcasting.
 w - the cursed +2 cloak "Profound Pragmatism" (worn) {rF+, Fort, Range}
   (You found it in a volcano)

   It has a curse which improves the following skills: Fortitude: Armour and
   Shields.
   Ranged Combat: Ranged Weapons and Throwing.
 D - the cursed +2 helmet of the Pangnostic Welkin (worn) {Int+3, Self, Cun}
   (You bought it in a shop on level 2 of the Dungeon)

   It has a curse which improves the following skills: Introspection: Fighting
   and Spellcasting.
   Cunning:   Dodging and Stealth.
 S - the +3 warlock's mirror {omnireflect}
   (You found it on level 5 of the Pits of Slime)

   Omnireflect: It can block and reflect piercing ranged attacks and magical
   attacks against the wielder's willpower.
Jewellery
 k - the cursed ring "Share My Adversity" (right hand) {Ice rElec Will+++ rCorr Str-3, Self, Evo}
   (You found it on level 11 of the Dungeon)

   [ring of ice]

   It enhances your ice magic.
   Str:       It affects your strength (-3).
   rF:        It makes you vulnerable to fire.
   rC:        It protects you from cold.
   rElec:     It insulates you from electricity.
   rCorr:     It protects you from acid and corrosion.
   Will:      It greatly increases your willpower.
   It has a curse which improves the following skills: Introspection: Fighting
   and Spellcasting.
   Evocations: Evocations.
 m - the ring "Hinweg" {Fly Int+4 Dex+2}
   (You took it off a vault guard on level 5 of the Vaults)

   [ring of flight]

   Int:       It affects your intelligence (+4).
   Dex:       It affects your dexterity (+2).
   Fly:       It grants you flight.
 G - the cursed ring "Gnostic Secrets" (left hand) {Wiz rN+, Self, Cun}
   (You bought it in a shop on level 9 of the Dungeon)

   [ring of wizardry]

   It improves your spell success rate.
   rN:        It protects you from negative energy.
   It has a curse which improves the following skills: Introspection: Fighting
   and Spellcasting.
   Cunning:   Dodging and Stealth.
 U - the cursed amulet of Ouranomancy (around neck) {Regen+, Self, Evo}
   (You bought it in a shop on level 2 of the Orcish Mines)

   [amulet of regeneration]

   Regen:     It increases your rate of health regeneration.
   It has a curse which improves the following skills: Introspection: Fighting
   and Spellcasting.
   Evocations: Evocations.
Wands
 i - a wand of polymorph (29)
 l - a wand of mindburst (8)
 n - a wand of paralysis (54)
 B - a wand of quicksilver (16)
 F - a wand of roots (37)
 H - a wand of flame (92)
 Z - a wand of digging (7)
Scrolls
 b - 15 scrolls of fog
 c - 20 scrolls of teleportation
 f - 11 scrolls of vulnerability
 p - 7 scrolls of fear
 r - 9 scrolls of poison
 v - 6 scrolls of torment
 y - 7 scrolls of immolation
 A - 6 scrolls of blinking
 L - 3 scrolls of magic mapping
 M - 5 scrolls of butterflies
 O - 2 scrolls of enchant weapon
 V - a scroll of enchant armour
 Y - 5 scrolls of silence
Potions
 a - 5 potions of might
 d - 12 potions of haste
 g - 2 potions of mutation
 h - 13 potions of lignification
 j - 27 potions of curing
 o - 8 potions of brilliance
 t - 5 potions of invisibility
 z - 7 potions of cancellation
 I - 3 potions of ambrosia
 J - 7 potions of resistance
 K - 7 potions of berserk rage
 N - 9 potions of heal wounds
Miscellaneous
 x - a phantom mirror
 Q - a phial of floods
 R - a tin of tremorstones (2/2)
 T - a lightning rod (4/4)
 X - a condenser vane


   Skills:
 - Level 22.6(27) Fighting
 - Level 12.6(15.0) Throwing
 + Level 17.2(20.6) Armour
 + Level 16.7(22.2) Dodging
 - Level 4.8(10.0) Stealth
 - Level 24.5(27) Shields
 - Level 19.7(27) Spellcasting
 - Level 14.3(20.0) Evocations


You knew the following spells:

 Your Spells              Type           Power      Damage    Failure   Level
a - Sandblast             Erth           100%       2d20      0%          1
b - Passwall              Tmut/Erth      100%       N/A       0%          2
c - Stone Arrow           Conj/Erth      100%       3d13      0%          3
d - Petrify               Tmut/Erth      100%       N/A       0%          4
e - Necrotise             Necr           100%       1d9       0%          1
f - Static Discharge      Conj/Air       100%       2-7/arc   0%          2
g - Confusing Touch       Hex            100%       N/A       0%          3
h - Ignite Poison         Fire/Tmut/Pois 100%       N/A       0%          3
i - Cause Fear            Hex            73%        N/A       0%          4
j - Metabolic Englaciati  Hex/Ice        86%        N/A       0%          5
k - Simulacrum            Ice/Necr       86%        N/A       0%          6
l - Malign Gateway        Summ/Tloc      73%        N/A       0%          7
m - Conjure Ball Lightni  Conj/Air       73%        3x3d27    0%          6
n - Necromutation         Tmut/Necr      73%        N/A       1%          8
o - Lehudib's Crystal Sp  Conj/Erth      73%        10d17     1%          8
p - Summon Horrible Thin  Summ           73%        N/A       1%          8
q - Shatter               Erth           73%        3d54*     1%          9
Your spell library was empty.

Dungeon Overview and Level Annotations

Branches:
Dungeon (15/15)            Temple (1/1) D:4            Lair (5/5) D:8
  Swamp (4/4) Lair:2        Snake (4/4) Lair:2        Slime (5/5) Lair:5
    Orc (2/2) D:9             Elf (3/3) Orc:2        Vaults (5/5) D:14
  Crypt (0/3) Vaults:3     Depths (4/4) D:15            Zot (5/5) Depths:4
Ossuary (visited)           IceCv (visited)         Volcano (visited)

Altars:
Ashenzari
Cheibriados
Dithmenos
Elyvilon
Fedhas
Gozag
Hepliaklqana
Makhleb
Nemelex Xobeh
Okawaru
Qazlal
Ru
Trog
Uskayaw
Wu Jian
Xom
Yredelemnul
Zin
The Shining One
Jiyva
Lugonu

Shops:
D:2 [   D:5 *   D:9 =   D:13 =(   Orc:2 [(:=[   Snake:1 !=   Snake:3 *
Snake:4 [   Vaults:1 (   Vaults:3 (   Depths:1 ===:   Depths:4 *(!**

Portals:
Hell: Depths:1 Depths:2 Depths:3 Depths:4
Abyss: Depths:3
Pandemonium: Depths:2 Depths:4
Ziggurat: Depths:2

Annotations:
D:14 2 exclusions
Swamp:4 1 runed translucent door, senseless's ghost, adept MiFi
Elf:2 5 runed translucent doors
Zot:3 2 transporters


Innate Abilities, Weirdness & Mutations

You are immune to sickness and miasma.
You are immune to poison.
Your flesh is very heat resistant. (rF++)
You are vulnerable to cold. (rC-)
You float through the air rather than walking.
You learn spells naturally, not from books.
Your magical power is your life essence.
You have superior vitality. (+4 MHP)


Message History

Your large abomination hits the Executioner!!
The Executioner hits your large abomination but does no damage.
The Executioner hits your large abomination.
The Executioner hits your large abomination but does no damage.
The Executioner hits your large abomination!
The Executioner hits your large abomination.
The Executioner hits your large abomination but does no damage. x2
The Executioner hits your large abomination. x2
Your large abomination hits the Executioner!!
The Executioner dies!
There is a stone staircase leading up here.
You see here a +0 robe.
You fly upwards.
Your summoned ally is left behind.
There is a stone staircase leading down here.
Aiming: Dig
Press: ? - help, Shift-Dir - straight line You can't see that place.
The rock shatters into small pieces.
You see here a +0 plate armour.
There is a stone staircase leading up here.
You fly upwards.
There is a stone staircase leading down here.
A smoke demon comes into view.
The smoke demon roars!
Casting: Summon Horrible Things (mildly dangerous; 1% risk of failure)
Confirm with . or Enter, or press ? or * to list all spells.
Aiming: Lehudib's Crystal Spear (mildly dangerous; 1% risk of failure)
Press: ? - help, Shift-Dir - straight line, f - smoke demon
Aim: a smoke demon (86% to hit)
The crystal spear hits the smoke demon!!!
You kill the smoke demon!
There is an open gate here.
There is a staircase leading out of the dungeon here.
Okay, then.
You feel very mighty all of a sudden.
You feel yourself speed up.
You feel clever all of a sudden.
You fade into invisibility!
You feel protected.
You have escaped!

♣♣..# #.# ♣♣...# #.#
♣....# ###.####
♣♣....## #......##
♣......## #.#.##.##
♣.......###.#...>..
♣.8..8..8##.####.##
♣♣........'..# #.##
♣..@......'..####.##
♣♣........'.......##
♣.8..8..8########..
♣♣......##...# #.#
♣.....###.#.####.#
♣♣...###.###......
♣...#.##.#.####.#
♣...#.###.†# #..
♣...#.###..######


There were no monsters in sight!

Vanquished Creatures
  3 dread liches
  7 ancient liches (Zot:5)
  3 orbs of fire (Zot:5)
  A juggernaut (Depths:2)
  Parghit (Zot:3)
  Bai Suzhen (Depths:1)
  Vv (Depths:4)
  A Killer Klown (Zot:5)
  3 golden dragons
  A pandemonium lord (Zot:1)
  2 bone dragons (Depths:4)
  An Ice Fiend (D:10)
  4 electric golems
  A walking earthen tome (Depths:2)
  14 tentacled monstrosities
  A deep elf blademaster (Elf:3)
  3 titans (Zot:2)
  7 Orb Guardians (Zot:5)
  A deep elf master archer (Elf:3)
  3 quicksilver dragons
  Asterion (Elf:3)
  Gastronok (D:10)
  4 eldritch tentacles
  5 acid blobs
  An Executioner (Depths:3)
  8 death cobs
  3 sphinxes
  6 shadow dragons
  16 storm dragons
  3 tengu reavers
  4 rockslimes
  4 draconian monks
  A frost giant (Depths:1)
  6 draconian knights
  5 azure jellies
  3 fire giants
  3 ghost moths
  4 deep elf sorcerers (Elf:3)
  3 draconian scorchers
  4 vault wardens
  An iron dragon (Depths:4)
  2 draconian shifters
  A draconian stormcaller (Zot:4)
  11 quicksilver oozes
  A balrug (Depths:4)
  4 ironbound preservers
  A reaper (D:4)
  2 very ugly things
  A demonspawn corrupter (D:10)
  5 draconian annihilators
  2 ironbound thunderhulks (Vaults:2)
  4 deep elf demonologists
  A vampire knight (Depths:4)
  3 war gargoyles
  4 stone giants
  14 white draconians
  Nessos (D:14)
  4 yellow draconians
  An eleionoma (Swamp:2)
  9 green draconians
  4 black draconians
  9 purple draconians
  2 minotaurs (D:11)
  7 deep elf annihilators
  5 spark wasps
  A green death (Depths:1)
  A merfolk javelineer (Depths:2)
  5 red draconians
  2 dire elephants
  6 ettins
  5 deep elf death magi (Elf:3)
  3 deep elf high priests
  2 fire dragons
  5 yaktaur captains
  An entropy weaver (Vaults:3)
  4 great orbs of eyes
  9 hydras
  Josephine (D:10)
  6 ice dragons
  A quicksilver dragon skeleton (Depths:2)
  A spriggan air mage (Depths:2)
  A jorogumo (shapeshifter) (D:15)
  11 vault guards
  5 centaur warriors
  An ironbound frostheart (Vaults:4)
  5 boulder beetles
  A catoblepas (Lair:5)
  A ghost crab (Swamp:1)
  3 ogre magi
  A two-headed ogre (shapeshifter) (Vaults:5)
  3 anacondas
  14 dancing weapons
  6 two-headed ogres
  2 deep troll shamans
  2 naga warriors
  An alligator (Swamp:2)
  A vampire mage (Depths:2)
  Urug (Orc:1)
  3 tengu warriors
  8 death yaks
  3 hell knights
  2 naga sharpshooters
  A shock serpent (Snake:3)
  2 spriggan berserkers
  Nergalle (D:12)
  A soul eater (Depths:2)
  7 deep elf knights
  A titan skeleton (Vaults:3)
  Lodul (D:10)
  4 skeletal warriors (Vaults:3)
  4 sun demons (Depths:4)
  4 skysharks
  13 deep trolls
  A quicksilver dragon simulacrum (Depths:2)
  2 shadow demons
  A naga ritualist (Snake:1)
  A spriggan rider (Swamp:1)
  A glowing orange brain (shapeshifter) (Vaults:5)
  3 glowing orange brains
  5 deep elf archers
  7 orc knights
  6 ironbound convokers
  6 wizards
  7 lindwurms
  15 deep elf pyromancers
  3 necromancers
  A swamp dragon (Swamp:4)
  Pikel (D:5)
  A golden dragon skeleton (Depths:2)
  9 deep elf zephyrmancers
  A mana viper (Snake:4)
  A phantasmal warrior (Vaults:5)
  3 oklob plants (Lair:5)
  2 orc sorcerers
  4 shining eyes
  A shadow dragon skeleton (Vaults:3)
  11 ugly things
  5 cyclopes
  5 manticores
  A tengu skeleton (Vaults:3)
  8 salamanders
  12 elephants
  3 naga magi
  A sphinx skeleton (Vaults:3)
  A fire giant skeleton (Vaults:3)
  A smoke demon (D:1)
  A large abomination (Depths:4)
  5 vault sentinels
  13 moths of wrath
  8 black mambas
  A torpor snail (Lair:3)
  A rust devil (Depths:2)
  3 ice statues (IceCv)
  An orange demon (Depths:2)
  8 cane toads
  3 gargoyles (D:12)
  3 eyes of devastation
  A guardian serpent (Snake:1)
  Psyche (D:10)
  A cane toad (shapeshifter) (Vaults:4)
  An unseen horror (D:11)
  3 rime drakes
  A yaktaur (shapeshifter) (Elf:3)
  2 efreet
  10 komodo dragons
  14 yaktaurs
  7 kobold demonologists
  An elf skeleton (Vaults:3)
  A tormentor (Depths:4)
  A tengu conjurer (D:14)
  2 red devils
  A bloated husk (Swamp:1)
  4 polar bears
  2 tyrant leeches
  A tengu simulacrum (Depths:2)
  5 trolls
  A hornet (Lair:2)
  8 blink frogs
  Prince Ribbit (D:6)
  2 dream sheep (Lair:3)
  36 slime creatures
  Grinder (D:6)
  An ettin skeleton (Vaults:3)
  An air elemental (Elf:1)
  Sigmund (D:3)
  A jumping spider (shapeshifter) (D:15)
  9 wyverns
  24 yaks
  A spriggan (Swamp:1)
  3 water elementals
  3 shadows
  7 wraiths
  A vampire (D:11)
  Eustachio (D:5)
  A basilisk (shapeshifter) (D:15)
  2 hogs (Elf:1)
  A human (D:8)
  2 steam dragons
  2 fire elementals
  4 golden eyes
  2 basilisks
  A redback (Vaults:3)
  14 vampire mosquitoes
  3 wargs
  An acid dragon (D:8)
  8 swamp worms
  11 nagas
  A human skeleton (Depths:2)
  17 water moccasins
  A glowing shapeshifter skeleton (Vaults:3)
  3 black bears
  Duvessa (D:4)
  30 orc warriors
  2 sky beasts
  17 ogres
  2 great orb of eyes simulacra (IceCv)
  12 wolves
  2 centaurs
  3 slime creature simulacra (IceCv)
  A phantom (D:4)
  Blork the orc (D:6)
  2 lemures (D:5)
  3 kobold brigands
  16 bullfrogs
  An elf zombie (Ossuary)
  2 earth elementals
  2 scorpions
  2 gnoll sergeants
  4 glowing shapeshifter simulacra (IceCv)
  2 necrophages (D:5)
  Dowan (D:4)
  A troll zombie (Orc:1)
  11 killer bees
  9 electric eels
  5 howler monkeys
  A human zombie (Ossuary)
  A jelly (D:8)
  5 hounds
  8 orc priests
  2 gnoll boudas
  Crazy Yiuf (D:3)
  Jessica (D:3)
  Terence (D:2)
  Natasha (D:2)
  20 orc wizards
  2 shapeshifter simulacra (IceCv)
  An ogre zombie (Orc:1)
  2 mummies (Ossuary)
  Robin (D:3)
  16 adders
  30 gnolls
  3 orc skeletons (Orc:1)
  A white imp (D:5)
  An ufetubus (D:4)
  An orc simulacrum (Orc:1)
  An adder zombie (Ossuary)
  4 worms
  2 dart slugs
  68 orcs
  9 ball pythons
  6 bats
  8 endoplasms
  2 giant cockroaches (D:1)
  7 goblins
  11 hobgoblins
  4 jackals (D:3)
  A quokka (D:3)
  8 frilled lizards
  3 goblin zombies (Ossuary)
  8 hobgoblin zombies (Ossuary)
  A jackal zombie (Ossuary)
  19 kobolds
  11 kobold zombies (Ossuary)
  10 orc zombies
  4 rats
  2 rat zombies (Ossuary)
  2 plants (Zot:3)
1244 creatures vanquished.

Vanquished Creatures (collateral kills)
  the Royal Jelly (Slime:5)
  2 ancient liches
  2 dread liches (Zot:5)
  An orb of fire (Zot:5)
  A juggernaut (Depths:2)
  Margery (Vaults:4)
  3 Killer Klowns (Zot:5)
  Saint Roka (Vaults:4)
  Nikola (Swamp:3)
  5 golden dragons
  2 electric golems
  A lich (Depths:3)
  3 tentacled monstrosities
  4 quicksilver dragons
  18 Orb Guardians (Zot:5)
  Mlioglotl (Swamp:2)
  A deep elf blademaster (Elf:3)
  The ghost of Plog the Tortoise, an adept AtMo of Okawaru (Vaults:3)
  5 titans
  14 acid blobs
  A deep elf master archer (Elf:3)
  An Executioner (D:3)
  A death cob (Zot:5)
  A sphinx (Vaults:3)
  3 shadow dragons
  7 eldritch tentacles
  Donald (Swamp:3)
  18 nagarajas (Snake:4)
  8 azure jellies
  5 storm dragons (Zot:2)
  5 tengu reavers
  A fenstrider witch (Swamp:2)
  11 rockslimes
  Kirke (Elf:1)
  2 draconian monks
  2 daevas (Depths:2)
  A fire giant (Vaults:5)
  7 vault wardens
  2 draconian knights (Zot:1)
  7 frost giants
  7 draconian scorchers
  2 draconian annihilators
  Louise (Elf:3)
  The ghost of Enlostror the Severer, an adept MeBe of Trog (Orc:1)
  3 draconian stormcallers
  10 ironbound preservers
  3 war gargoyles (Vaults:5)
  7 quicksilver oozes
  9 stone giants
  19 very ugly things
  9 ironbound thunderhulks
  6 green draconians
  5 purple draconians
  7 yellow draconians
  9 dire elephants
  A spark wasp (Depths:1)
  3 bunyips
  10 black draconians
  7 white draconians
  9 red draconians
  A deep elf death mage (Elf:3)
  A shambling mangrove (Swamp:4)
  4 ettins
  2 fire dragons
  An entropy weaver (Vaults:4)
  3 yaktaur captains
  A deep elf high priest (Vaults:5)
  6 great orbs of eyes
  2 ice dragons
  2 salamander tyrants (Snake:4)
  A jorogumo (shapeshifter) (Vaults:5)
  An ogre mage (Vaults:5)
  A spriggan air mage (Depths:1)
  7 centaur warriors
  A peacekeeper (Vaults:3)
  14 hydras
  21 vault guards
  A boulder beetle (shapeshifter) (Vaults:5)
  3 ironbound frosthearts (Vaults:1)
  4 anacondas
  2 alligators (Swamp:3)
  2 tengu warriors
  A death yak (shapeshifter) (Depths:3)
  12 naga warriors
  4 deep troll shamans
  2 vampire magi
  3 deep troll earth magi
  5 shock serpents
  A spriggan berserker (Depths:2)
  3 hell knights (Vaults:4)
  A sun demon (Depths:2)
  16 naga sharpshooters
  2 deep elf knights (Elf:1)
  5 iron trolls
  9 spriggans
  3 goliath frogs
  5 spriggan druids
  41 deep trolls
  A skeletal warrior (Vaults:3)
  14 ironbound convokers
  10 swamp dragons
  A glowing orange brain (Vaults:2)
  2 bog bodies (Swamp:3)
  5 spriggan riders (Swamp:1)
  A harpy (Vaults:5)
  6 naga ritualists
  7 wizards
  An orc knight (Orc:2)
  3 phantasmal warriors (Vaults:5)
  7 lindwurms
  2 deep elf archers
  7 mana vipers
  2 deep elf pyromancers (Elf:1)
  43 ugly things
  A cyclops (Orc:2)
  5 deep elf zephyrmancers
  4 necromancers
  4 will-o-the-wisps
  9 salamanders
  2 fire giant skeletons
  A frost giant skeleton (Vaults:3)
  6 moths of wrath
  3 human skeletons (Vaults:3)
  3 guardian serpents (Snake:4)
  A rust devil (D:13)
  11 vault sentinels
  24 black mambas
  14 naga magi
  An orange demon (Depths:2)
  5 eyes of devastation
  29 yaktaurs
  A human zombie (Vaults:5)
  2 freezing wraiths (Vaults:5)
  A tengu conjurer (Depths:2)
  A troll (Orc:1)
  10 hornets
  6 tyrant leeches
  63 slime creatures
  An air elemental (Elf:1)
  A ynoxinul (Depths:2)
  A fire elemental (Elf:1)
  A hog (Elf:1)
  5 golden eyes
  A hog (shapeshifter) (Elf:1)
  9 vampire mosquitoes
  3 redbacks (Vaults:4)
  12 swamp worms
  30 nagas
  6 wargs
  17 orc warriors
  16 swamp drakes
  2 ogres (Orc:1)
  A human simulacrum (Vaults:5)
  4 orc priests
  4 orc wizards
  28 orcs
  5 ball lightnings
941 creatures vanquished.

Vanquished Creatures (others)
  64 eldritch tentacles
  A storm dragon (Zot:2)
  A fire giant (Depths:2)
  2 white draconians
  A hydra (Swamp:2)
  A black mamba (Snake:3)
  5 bloated husks
  A water elemental (Depths:2)
  A vampire mosquito (Swamp:2)
  A swamp drake (Swamp:2)
  A quokka (D:3)
  71 ball lightnings
  A bush (Lair:5)
  10 foxfires
  24 fungi
  47 plants
  2 starspawn tentacles (Swamp:2)
234 creatures vanquished.

Grand Total: 2419 creatures vanquished

Notes
Turn   | Place    | Note
-------+----------+-------------------------------------------
     0 | D:1      | Glaciallarry the Djinni Earth Elementalist began the quest
                  | for the Orb.
     0 | D:1      | Glaciallarry set off with the following spells memorised:
                  | Sandblast, Passwall, Stone Arrow, Petrify.
     0 | D:1      | Reached XP level 1. HP: 15/15 MP: 0/0
   305 | D:1      | Reached XP level 2. HP: 20/21 MP: 0/0
   609 | D:1      | Reached XP level 3. HP: 24/25 MP: 0/0
   609 | D:1      | Learned a level 1 spell: Necrotise
  1250 | D:2      | Reached XP level 4. HP: 30/31 MP: 0/0
  1436 | D:2      | Identified the +1 robe of Etuedia {Drain rCorr Int+5 SInv}
  1749 | D:2      | Noticed Terence
  1752 | D:2      | Killed Terence
  1753 | D:2      | Reached XP level 5. HP: 25/35 MP: 0/0
  1753 | D:2      | Learned a level 2 spell: Static Discharge
  1911 | D:2      | Found Xybric Wolu's Armour Boutique.
  2069 | D:2      | Noticed Natasha
  2072 | D:2      | Killed Natasha
  2073 | D:2      | Reached XP level 6. HP: 34/40 MP: 0/0
  2686 | D:3      | Identified the +8 dagger "Beetleslayer" {drain, Str+2}
  2704 | D:3      | Found an iron altar of Okawaru.
  2753 | D:3      | Reached skill level 5 in Spellcasting
  2819 | D:3      | Noticed Robin
  2824 | D:3      | Noticed Sigmund
  2966 | D:3      | Killed Robin
  3118 | D:3      | Killed Sigmund
  3119 | D:3      | Reached XP level 7. HP: 27/45 MP: 0/0
  3119 | D:3      | Learned a level 3 spell: Confusing Touch
  3195 | D:3      | Found a hide-covered altar of Uskayaw.
  3199 | D:3      | Noticed a +0 dagger
  3199 | D:3      | Noticed a +0 hand axe
  3323 | D:3      | Found a white marble altar of Elyvilon.
  3341 | D:3      | Found a runed translucent door.
  3342 | D:3      | Noticed Crazy Yiuf
  3447 | D:3      | Noticed Jessica
  3448 | D:3      | Killed Jessica
  3923 | D:4      | Found a staircase to the Ecumenical Temple.
  3926 | D:4      | Reached XP level 8. HP: 47/50 MP: 0/0
  3933 | Temple   | Entered the Ecumenical Temple
  3960 | Temple   | Became a worshipper of Ashenzari the Shackled
  4018 | D:4      | Noticed Duvessa
  4050 | D:4      | Killed Duvessa
  4316 | D:4      | Noticed Dowan
  4319 | D:4      | Killed Dowan
  4897 | D:5      | Entered Level 5 of the Dungeon
  5075 | D:5      | Reached skill level 1 in Fighting
  5307 | D:5      | Reached XP level 9. HP: 58/61 MP: 0/0
  5307 | D:5      | Learned a level 3 spell: Ignite Poison
  5352 | D:5      | Found Ikkof's Gadget Gallery.
  5356 | D:5      | You are sucked into a shaft and drop 1 floor!
  5413 | D:6      | Noticed Prince Ribbit
  5415 | D:6      | Killed Prince Ribbit
  5416 | D:6      | Reached skill level 5 in Fighting
  5625 | D:5      | Noticed Pikel
  5631 | D:5      | Killed Pikel
  6230 | D:5      | Noticed Eustachio
  6233 | D:5      | Killed Eustachio
  6395 | D:2      | Bought a +2 helmet of intelligence for 258 gold pieces
  6407 | D:2      | Reached * piety under Ashenzari
  6608 | D:6      | Noticed Grinder
  6613 | D:6      | Killed Grinder
  6614 | D:6      | Reached XP level 10. HP: 46/76 MP: 0/0
  6791 | D:6      | Found a sparkling altar of Nemelex Xobeh.
  6794 | D:6      | Found a shimmering altar of Xom.
  6839 | D:6      | Noticed Blork the orc
  6846 | D:6      | Killed Blork the orc
  7292 | D:7      | Found a stormy altar of Qazlal.
  8000 | D:7      | Reached ** piety under Ashenzari
  8134 | D:8      | Found a sand-covered staircase.
  8140 | Ossuary  | Entered an ossuary
  8984 | D:8      | Found a runed translucent door.
  8988 | D:8      | Found a basalt altar of Yredelemnul.
  9244 | D:8      | Reached skill level 10 in Spellcasting
  9453 | D:8      | Reached XP level 11. HP: 82/85 MP: 0/0
  9453 | D:8      | Learned a level 4 spell: Cause Fear
  9511 | D:8      | Found a staircase to the Lair.
  9748 | D:9      | Noticed a two-headed ogre
  9758 | D:8      | Killed a two-headed ogre
 10104 | D:9      | Reached *** piety under Ashenzari
 10118 | D:9      | Found Cuwkaob's Jewellery Shop.
 10348 | D:9      | Found a staircase to the Orcish Mines.
 10374 | D:9      | Found a sacrificial altar of Ru.
 10374 | D:9      | Found a bloodstained altar of Trog.
 10775 | D:10     | Entered Level 10 of the Dungeon
 10784 | D:10     | Noticed Gastronok
 10800 | D:10     | Killed Gastronok
 10995 | D:10     | Found an opulent altar of Gozag.
 11278 | D:10     | Noticed Lodul
 11290 | D:10     | Noticed Psyche
 11418 | D:10     | Killed Psyche
 11454 | D:10     | Noticed Josephine
 11470 | D:10     | Killed Josephine
 11471 | D:10     | Reached skill level 10 in Fighting
 11694 | D:10     | Killed Lodul
 11695 | D:10     | Reached XP level 12. HP: 59/98 MP: 0/0
 12774 | D:11     | Reached skill level 1 in Evocations
 12807 | D:11     | Found a transporter.
 12808 | D:11     | Found a transporter.
 12817 | D:11     | Found a transporter.
 12821 | D:11     | Found a transporter.
 12824 | D:11     | Found a transporter.
 12907 | D:11     | Found a transporter.
 14088 | D:11     | Noticed a death yak
 14274 | D:11     | Noticed a death yak
 14278 | D:11     | Noticed a death yak
 14281 | D:11     | Noticed a death yak
 14283 | D:11     | Noticed a minotaur
 14284 | D:11     | Killed a death yak
 14484 | D:11     | Identified the +4 morningstar of the Furious {flame, rF+}
 14488 | D:11     | Noticed a minotaur
 14768 | Lair:1   | Entered Level 1 of the Lair of Beasts
 14917 | Lair:1   | Reached XP level 13. HP: 94/105 MP: 0/0
 14917 | Lair:1   | Learned a level 5 spell: Metabolic Englaciation
 14948 | Lair:1   | Identified the +1 robe of the Trilobite {Fly rCorr Dex-4}
 15778 | Lair:2   | Found a staircase to the Snake Pit.
 16582 | Lair:2   | Found a staircase to the Swamp.
 16960 | Lair:3   | Noticed an eight-headed hydra
 16965 | Lair:3   | Killed an eight-headed hydra
 16966 | Lair:3   | Reached skill level 5 in Dodging
 17979 | D:3      | Killed Crazy Yiuf
 19192 | Lair:4   | Reached **** piety under Ashenzari
 19590 | Lair:4   | Noticed a four-headed hydra
 19760 | Lair:4   | Noticed a five-headed hydra
 19765 | Lair:4   | Killed a five-headed hydra
 19766 | Lair:4   | Reached XP level 14. HP: 93/120 MP: 0/0
 20301 | Lair:4   | Reached skill level 5 in Evocations
 20830 | Lair:5   | Entered Level 5 of the Lair of Beasts
 20965 | Lair:5   | Found a dark tunnel.
 20972 | Volcano  | Entered a volcano
 22092 | Lair:5   | Identified the +1 chain mail of the Howling Gods {Dex+7
                  | SInv Stlth+}
 22109 | Lair:5   | Found a viscous altar of Jiyva.
 22165 | Lair:5   | Reached skill level 15 in Fighting
 22805 | Lair:5   | Reached skill level 1 in Armour
 22805 | Lair:5   | Reached skill level 1 in Shields
 23027 | Lair:5   | Reached skill level 2 in Shields
 23273 | Lair:5   | Reached ***** piety under Ashenzari
 23818 | D:11     | Killed a minotaur
 24061 | D:11     | Reached XP level 15. HP: 120/135 MP: 0/0
 24061 | D:11     | Learned a level 6 spell: Simulacrum
 24206 | D:11     | Identified the ring of Activism {Ice rElec Will+++ rCorr
                  | Str-3}
 24684 | D:12     | Found a frozen archway.
 24957 | IceCv    | Entered an ice cave
 25301 | IceCv    | Reached skill level 10 in Dodging
 26102 | IceCv    | Noticed a quicksilver ooze
 26124 | IceCv    | Killed a quicksilver ooze
 26126 | IceCv    | Noticed a quicksilver ooze
 26131 | IceCv    | Killed a quicksilver ooze
 26566 | IceCv    | Found a viscous altar of Jiyva.
 26566 | IceCv    | Noticed an azure jelly
 26575 | IceCv    | Killed an azure jelly
 26601 | IceCv    | Noticed a quicksilver ooze
 26611 | IceCv    | Killed a quicksilver ooze
 26661 | IceCv    | Identified the +1 leather armour of Generosity {+Inv Dex+7}
 26888 | D:12     | Noticed Nergalle
 26891 | D:12     | Identified the +1 robe "Jedu" {Contam Dex+3 SInv}
 26949 | D:12     | Killed Nergalle
 27827 | D:13     | Identified the +2 pair of boots "Biuwk" {Str+4}
 27827 | D:13     | Identified the +2 leather armour of the Shimmering Gods
                  | {Harm rElec Regen+}
 28260 | D:13     | Found Imo Owo's Jewellery Emporium.
 28730 | D:13     | Found Haha's Firing Range.
 28750 | D:14     | Noticed Nessos
 29148 | D:14     | Killed Nessos
 29858 | D:14     | Identified the +4 sling "Perynu Pilo" {freeze, Will+}
 30625 | D:15     | Entered Level 15 of the Dungeon
 30625 | D:15     | Identified the Excursus on Frostbound Guile
 30781 | D:15     | Reached XP level 16. HP: 88/137 MP: 0/0
 32772 | D:14     | Found a gate to the Vaults.
 32971 | Orc:1    | Entered Level 1 of the Orcish Mines
 33307 | Orc:1    | Found a runed translucent gate.
 33307 | Orc:1    | Found a runed translucent gate.
 33307 | Orc:1    | Found a runed translucent gate.
 33314 | Orc:1    | Noticed Enlostror's ghost (adept MeBe)
 33755 | Orc:1    | Noticed Urug
 33769 | Orc:1    | Killed Urug
 34526 | Orc:2    | Entered Level 2 of the Orcish Mines
 34770 | Orc:2    | Reached skill level 15 in Spellcasting
 34911 | Orc:2    | Found Kojatz's Jewellery Boutique.
 35246 | Orc:2    | Found Divugiext's Book Emporium.
 35395 | Orc:2    | Found a staircase to the Elven Halls.
 35827 | Orc:2    | Found Peochora's Armour Boutique.
 35827 | Orc:2    | Found Peurphom's Antique Weapon Emporium.
 35872 | Orc:2    | Found Mutat's Armour Emporium.
 36773 | Orc:2    | Bought an amulet of regeneration for 420 gold pieces
 36986 | Swamp:1  | Entered Level 1 of the Swamp
 36998 | Swamp:1  | Reached skill level 3 in Shields
 37193 | Swamp:1  | Reached skill level 4 in Shields
 37266 | Swamp:1  | Reached skill level 5 in Shields
 37273 | Swamp:1  | Reached skill level 6 in Shields
 37276 | Swamp:1  | Reached XP level 17. HP: 103/143 MP: 0/0
 37276 | Swamp:1  | Learned a level 7 spell: Malign Gateway
 37793 | Swamp:2  | Reached skill level 7 in Shields
 38085 | Swamp:2  | Noticed Mlioglotl
 38090 | Swamp:2  | Noticed a tentacled starspawn
 38091 | Swamp:2  | Killed Mlioglotl
 38553 | Swamp:3  | Reached skill level 8 in Shields
 38577 | Swamp:3  | Noticed Nikola
 38585 | Swamp:3  | Killed Nikola
 38874 | Swamp:3  | Noticed Donald
 38884 | Swamp:3  | Killed Donald
 38885 | Swamp:3  | Reached skill level 9 in Shields
 39180 | Snake:1  | Entered Level 1 of the Snake Pit
 39451 | Snake:1  | Found a bloodstained altar of Trog.
 39484 | Snake:1  | Found Como's Jewellery Boutique.
 39484 | Snake:1  | Found Leurhiad's Distillery.
 39499 | Snake:1  | Bought a potion of mutation for 128 gold pieces
 39499 | Snake:1  | Bought a potion of heal wounds for 80 gold pieces
 39499 | Snake:1  | Bought a potion of mutation for 128 gold pieces
 39499 | Snake:1  | Bought a potion of brilliance for 64 gold pieces
 39499 | Snake:1  | Bought a potion of haste for 160 gold pieces
 39499 | Snake:1  | Bought a potion of haste for 160 gold pieces
 39600 | Snake:1  | Reached skill level 10 in Shields
 40457 | Snake:1  | Identified the +4 trident of Sajuet {antimagic, rElec}
 40589 | Snake:1  | Reached XP level 18. HP: 141/154 MP: 0/0
 42067 | Snake:3  | Found Libizeta's Luxury Loot.
 42100 | Snake:3  | Reached ****** piety under Ashenzari
 43074 | D:15     | Found a staircase to the Depths.
 43339 | Elf:1    | Entered Level 1 of the Elven Halls
 43351 | Elf:1    | Noticed Kirke
 43364 | Elf:1    | Killed Kirke
 43800 | Elf:1    | Identified the +1 robe "Quphiod" {rPois Str+3}
 43830 | Elf:1    | Identified the Encyclopedia of the Familiar
 43891 | Elf:1    | Found Bipuusy's Antique Armour Boutique.
 45275 | Swamp:4  | Entered Level 4 of the Swamp
 45338 | Swamp:4  | Reached XP level 19. HP: 72/166 MP: 0/0
 45338 | Swamp:4  | Learned a level 6 spell: Conjure Ball Lightning
 45398 | Swamp:4  | Got a decaying rune of Zot
 45570 | Swamp:4  | Noticed senseless's ghost (adept MiFi)
 45573 | Swamp:4  | Found a runed translucent door.
 46141 | Snake:4  | Entered Level 4 of the Snake Pit
 46170 | Snake:4  | Found the brooch of Shielding {Spirit SH+8}
 46727 | Snake:4  | Reached skill level 11 in Shields
 46847 | Snake:4  | Reached XP level 20. HP: 169/173 MP: 0/0
 46856 | Snake:4  | Got a serpentine rune of Zot
 46955 | Snake:4  | Found Fufurunt's Antique Armour Boutique.
 47042 | Snake:4  | Bought a pitted cloak for 408 gold pieces
 47042 | Snake:4  | Identified the +2 cloak "Weqigen" {+Blink rElec Str+4
                  | Int-2} (You bought it in a shop on level 4 of the Snake
                  | Pit)
 47640 | Vaults:1 | Entered Level 1 of the Vaults
 48002 | Vaults:1 | Reached skill level 12 in Shields
 48215 | Vaults:1 | Reached skill level 13 in Shields
 48220 | Vaults:1 | Found Icul's Antique Weapon Shoppe.
 48229 | Vaults:1 | Bought an iridescent short sword for 304 gold pieces
 48229 | Vaults:1 | Identified the +10 short sword "Nyrul" {flame, +Blink rPois
                  | rN++ rCorr} (You bought it in a shop on level 1 of the
                  | Vaults)
 49205 | Vaults:2 | Reached skill level 14 in Shields
 49762 | Vaults:2 | Reached skill level 15 in Shields
 50002 | Vaults:2 | Identified the ring of Ginoj {rN+ rCorr Dex+7 SInv}
 50391 | Vaults:2 | Reached skill level 15 in Dodging
 50671 | Vaults:2 | Reached XP level 21. HP: 110/176 MP: 0/0
 50671 | Vaults:2 | Learned a level 8 spell: Necromutation
 51138 | Vaults:3 | Found Tiser's Weapon Emporium.
 51196 | Vaults:3 | Reached skill level 16 in Shields
 51355 | Vaults:3 | Identified a scroll of acquirement
 52046 | Vaults:3 | Reached skill level 17 in Shields
 52133 | Vaults:3 | Found a staircase to the Crypt.
 52259 | Vaults:3 | Found a runed translucent gate.
 52259 | Vaults:3 | Found a runed translucent gate.
 52259 | Vaults:3 | Found a runed translucent gate.
 52262 | Vaults:3 | Noticed Plog's ghost (adept AtMo)
 52264 | Vaults:3 | Identified the +3 flail of Prudence {elec, rCorr Dex+3}
 52265 | Vaults:3 | Found a viscous altar of Jiyva.
 52265 | Vaults:3 | Identified the +1 robe of Jowil {Harm rPois}
 52595 | Vaults:3 | Reached skill level 18 in Shields
 53165 | Vaults:4 | Identified the +1 robe of Zehiy {Str+4 Int-2}
 53188 | Vaults:4 | Noticed Margery
 53195 | Vaults:4 | Killed Margery
 53196 | Vaults:4 | Reached XP level 22. HP: 102/189 MP: 0/0
 53321 | Vaults:4 | Reached skill level 19 in Shields
 53980 | Vaults:4 | Reached skill level 20 in Shields
 54100 | Vaults:4 | Noticed Saint Roka
 54127 | Vaults:4 | Killed Saint Roka
 55300 | Orc:1    | Killed Enlostror's ghost
 55517 | Elf:2    | Found a flickering gateway to a bazaar.
 55589 | Bazaar   | Entered a bazaar
 55590 | Bazaar   | Found Suhaf's Weapon Boutique.
 55607 | Bazaar   | Found Werr's Distillery.
 55615 | Bazaar   | Found Baigoet's Antique Armour Boutique.
 55623 | Bazaar   | Found Jas Rygang's Armour Emporium.
 55647 | Bazaar   | Bought a potion of curing for 27 gold pieces
 55647 | Bazaar   | Bought 2 potions of brilliance for 72 gold pieces
 55647 | Bazaar   | Bought a potion of cancellation for 72 gold pieces
 55647 | Bazaar   | Bought a potion of haste for 90 gold pieces
 55647 | Bazaar   | Bought 2 potions of heal wounds for 90 gold pieces
 55664 | Bazaar   | Bought the +8 spear of the Rotten God {flame, rElec rC++
                  | rCorr Dex+3} for 621 gold pieces
 56046 | Elf:2    | Found a huge runed translucent gate.
 56046 | Elf:2    | Found a huge runed translucent gate.
 56046 | Elf:2    | Found a huge runed translucent gate.
 56048 | Elf:2    | Found a huge runed translucent gate.
 56049 | Elf:2    | Found a huge runed translucent gate.
 56689 | Elf:3    | Entered Level 3 of the Elven Halls
 56799 | Elf:3    | Reached skill level 21 in Shields
 56929 | Elf:3    | Noticed Louise
 56937 | Elf:3    | Killed Louise
 57708 | Elf:3    | Identified the +6 falchion of the Final Chapter {drain,
                  | rElec rF+}
 57817 | Elf:3    | Reached XP level 23. HP: 134/184 MP: 0/0
 57817 | Elf:3    | Learned a level 8 spell: Lehudib's Crystal Spear
 57860 | Elf:3    | Identified the +6 quarterstaff "Qiticaff" {drain, Stlth+}
 57877 | Elf:3    | Gained mutation: You sometimes lose your temper in combat.
                  | [a cacodemon]
 57942 | Elf:3    | Noticed Asterion
 57974 | Elf:3    | Killed Asterion
 58064 | Elf:3    | Identified the +3 plate armour of Levity {rF+}
 58091 | Elf:3    | Identified the amulet "Oretsoh" {Faith *Corrode rPois rN+++
                  | Dex-3}
 58095 | Elf:3    | Identified the amulet of the Twelve Loafs {rElec Regen+}
 58159 | Elf:3    | Identified the +6 short sword "Hilas" {speed, Fragile rPois
                  | Int+4 Dex+4}
 58164 | Elf:3    | Found the +2 pair of slick slippers {slick, slippery, EV+5}
 58274 | Elf:3    | Acquired a manual of Fighting
 58706 | Depths:1 | Entered Level 1 of the Depths
 58713 | Depths:1 | Upgraded the game from 0.30-a0-782-ge64f9170bb to
                  | 0.30-a0-908-g5a111fc481
 58728 | Depths:1 | Reached skill level 22 in Shields
 58756 | Depths:1 | Noticed Bai Suzhen
 58760 | Depths:1 | Killed Bai Suzhen
 58826 | Depths:1 | Found a glowing silver altar of Zin.
 58886 | Depths:1 | Found Fuaxeq's Jewellery Shop.
 58886 | Depths:1 | Found Zesmue's Jewellery Emporium.
 58900 | Depths:1 | Found Piemir's Book Emporium.
 58901 | Depths:1 | Found Kiegof's Jewellery Shop.
 59300 | D:9      | Bought the ring "Toontuc" {Wiz rN+} for 494 gold pieces
 59785 | Depths:1 | Reached skill level 23 in Shields
 59873 | Depths:1 | Found a gateway to Hell.
 60821 | Depths:2 | Noticed a juggernaut
 60821 | Depths:2 | Noticed a golden dragon
 60821 | Depths:2 | Noticed a juggernaut
 60825 | Depths:2 | Killed a juggernaut
 60839 | Depths:2 | Killed a golden dragon
 60843 | Depths:2 | Reached skill level 10 in Evocations
 60844 | Depths:2 | Killed a juggernaut
 60856 | Depths:2 | Identified the +6 flail "Dodwuu" {antimagic, Int+4}
 61198 | Depths:2 | Found a one-way gateway to a ziggurat.
 61818 | Depths:2 | Found a one-way gate leading to the halls of Pandemonium.
 62214 | Depths:3 | Noticed a golden dragon
 62223 | Depths:3 | Reached XP level 24. HP: 90/199 MP: 0/0
 62246 | Depths:3 | Killed a golden dragon
 62755 | Depths:3 | Found a burning altar of Makhleb.
 62933 | Depths:3 | Found a one-way gate to the infinite horrors of the Abyss.
 62934 | Depths:3 | Found a corrupted altar of Lugonu.
 63068 | Depths:4 | Entered Level 4 of the Depths
 63076 | Depths:4 | Noticed a golden dragon
 63079 | Depths:4 | Killed a golden dragon
 63174 | Depths:4 | Found a gate to the Realm of Zot.
 63201 | Depths:4 | Reached skill level 24 in Shields
 63210 | Depths:4 | Found Linnel's Distillery.
 63246 | Depths:4 | Noticed Vv
 63259 | Depths:4 | Killed Vv
 63291 | Depths:4 | Bought a potion of curing for 45 gold pieces
 63291 | Depths:4 | Bought a potion of curing for 45 gold pieces
 63291 | Depths:4 | Bought a potion of heal wounds for 75 gold pieces
 63291 | Depths:4 | Bought a potion of curing for 45 gold pieces
 63312 | Depths:4 | Found Metirhijoe's Assorted Antiques.
 63317 | Depths:4 | Bought a potion of resistance for 240 gold pieces
 63317 | Depths:4 | Bought a scroll of fog for 96 gold pieces
 63317 | Depths:4 | Bought a potion of haste for 240 gold pieces
 63334 | Depths:4 | Found Lafainor's Weapon Boutique.
 63558 | Depths:4 | Found Guhuu's Assorted Antiques.
 63572 | Depths:4 | Bought a potion of heal wounds for 185 gold pieces
 63572 | Depths:4 | Bought a potion of heal wounds for 185 gold pieces
 63689 | Depths:4 | Found Fowus's General Store.
 64171 | Depths:4 | Upgraded the game from 0.30-a0-908-g5a111fc481 to
                  | 0.30-a0-946-gec5dcfc036
 64733 | Vaults:3 | Killed Plog's ghost
 65144 | Depths:4 | Bought 2 scrolls of enchant armour for 330 gold pieces
 65688 | Lair:5   | Found a staircase to the Slime Pits.
 65714 | Slime:1  | Entered Level 1 of the Pits of Slime
 65761 | Slime:1  | Found a viscous altar of Jiyva.
 65924 | Slime:1  | Gained mutation: Your muscles are strong. (Str +4, Int/Dex
                  | -1) [a shining eye]
 65926 | Slime:1  | Lost mutation: You sometimes lose your temper in combat.
                  | [potion of mutation]
 65926 | Slime:1  | Lost mutation: Your muscles are strong. (Str +4, Int/Dex
                  | -1) [potion of mutation]
 65926 | Slime:1  | Gained mutation: You occasionally shout uncontrollably at
                  | your foes. [potion of mutation]
 65927 | Slime:1  | Lost mutation: You occasionally shout uncontrollably at
                  | your foes. [potion of mutation]
 65927 | Slime:1  | Gained mutation: Your body sometimes deteriorates upon
                  | taking damage. [potion of mutation]
 65927 | Slime:1  | Gained mutation: You are weak. (Str -2) [potion of
                  | mutation]
 65927 | Slime:1  | Lost mutation: You are weak. (Str -2) [potion of mutation]
 65928 | Slime:1  | Lost mutation: Your body sometimes deteriorates upon taking
                  | damage. [potion of mutation]
 65928 | Slime:1  | Gained mutation: You sometimes lose your temper in combat.
                  | [potion of mutation]
 65928 | Slime:1  | Gained mutation: You occasionally lose the ability to read
                  | scrolls when taking damage. [potion of mutation]
 65928 | Slime:1  | Gained mutation: You passively map a small area around you.
                  | [potion of mutation]
 65929 | Slime:1  | Lost mutation: You sometimes lose your temper in combat.
                  | [potion of mutation]
 65929 | Slime:1  | Lost mutation: You occasionally lose the ability to read
                  | scrolls when taking damage. [potion of mutation]
 65929 | Slime:1  | Lost mutation: You passively map a small area around you.
                  | [potion of mutation]
 65929 | Slime:1  | Gained mutation: You expend health (3 HP) to strengthen
                  | your wands. [potion of mutation]
 65929 | Slime:1  | Gained mutation: You are agile. (Dex +4, Str/Int -1)
                  | [potion of mutation]
 65929 | Slime:1  | Gained mutation: You are very agile. (Dex +8, Str/Int -2)
                  | [potion of mutation]
 65930 | Slime:1  | Lost mutation: You are very agile. (Dex +8, Str/Int -2)
                  | [potion of mutation]
 65930 | Slime:1  | Lost mutation: You are agile. (Dex +4, Str/Int -1) [potion
                  | of mutation]
 65930 | Slime:1  | Lost mutation: You expend health (3 HP) to strengthen your
                  | wands. [potion of mutation]
 65930 | Slime:1  | Gained mutation: You are robust. (+10% HP) [potion of
                  | mutation]
 66075 | Slime:2  | Found a viscous altar of Jiyva.
 66304 | Slime:3  | Gained mutation: Your body sometimes deteriorates upon
                  | taking damage. [a shining eye]
 66305 | Slime:3  | Gained mutation: You occasionally lose the ability to read
                  | scrolls when taking damage. [a shining eye]
 66316 | Slime:3  | Reached XP level 25. HP: 124/231 MP: 0/0
 66316 | Slime:3  | Learned a level 8 spell: Summon Horrible Things
 66536 | Slime:4  | Gained mutation: You sometimes lose the ability to read
                  | scrolls when taking damage. [a shining eye]
 66557 | Slime:5  | Entered Level 5 of the Pits of Slime
 66585 | Slime:5  | Noticed the Royal Jelly
 66599 | Slime:5  | Killed the Royal Jelly
 66636 | Slime:5  | Identified the +3 hand crossbow "Hell-Harrower" {freeze,
                  | rCorr Int+2}
 66640 | Slime:5  | Identified the +1 leather armour "Sont" {+Inv rElec Regen+
                  | Int+3}
 66641 | Slime:5  | Identified the +6 halberd "Ocoegele" {venom, Fly Int+3}
 66641 | Slime:5  | Identified the +3 chain mail of Privacy {Stlth+}
 66642 | Slime:5  | Identified the +12 quick blade "Neton" {freeze, SInv}
 66642 | Slime:5  | Found the +3 warlock's mirror {omnireflect}
 66642 | Slime:5  | Identified the +8 chain mail of Valomesk {rElec}
 66642 | Slime:5  | Identified the +3 buckler "Byuluov" {Harm Dex+3}
 66644 | Slime:5  | Identified the ring "Ykhlapu" {rC+ rCorr Int+5}
 66645 | Slime:5  | Found the +3 hat of Pondering {ponderous, Will+ MP+10
                  | Int+5}
 66876 | Slime:5  | Got a slimy rune of Zot
 67833 | Vaults:5 | Entered Level 5 of the Vaults
 67844 | Vaults:5 | Lost mutation: You are robust. (+10% HP) [potion of
                  | mutation]
 67844 | Vaults:5 | Lost mutation: Your body sometimes deteriorates upon taking
                  | damage. [potion of mutation]
 67844 | Vaults:5 | Gained mutation: You have hidden genetic potential. [potion
                  | of mutation]
 67844 | Vaults:5 | Gained mutation: You have great hidden genetic potential.
                  | [potion of mutation]
 67845 | Vaults:5 | Lost mutation: You have great hidden genetic potential.
                  | [potion of mutation]
 67845 | Vaults:5 | Lost mutation: You have hidden genetic potential. [potion
                  | of mutation]
 67845 | Vaults:5 | Lost mutation: You sometimes lose the ability to read
                  | scrolls when taking damage. [potion of mutation]
 67845 | Vaults:5 | Gained mutation: You are frail. (-10% HP) [potion of
                  | mutation]
 67845 | Vaults:5 | Lost mutation: You are frail. (-10% HP) [potion of
                  | mutation]
 67845 | Vaults:5 | Gained mutation: You have a somewhat thin skeletal
                  | structure. (Dex +2, Stealth+) [potion of mutation]
 67962 | Vaults:5 | Identified the +4 plate armour "Jesoqutu" {Contam Dex+5}
 68010 | Vaults:5 | Lost mutation: You occasionally lose the ability to read
                  | scrolls when taking damage. [potion of mutation]
 68010 | Vaults:5 | Lost mutation: You have a somewhat thin skeletal structure.
                  | (Dex +2, Stealth+) [potion of mutation]
 68010 | Vaults:5 | Gained mutation: Your natural rate of healing is unusually
                  | fast. [potion of mutation]
 68106 | Vaults:5 | Identified the ring "Hinweg" {Fly Int+4 Dex+2}
 68159 | Vaults:5 | Noticed a dread lich
 68167 | Vaults:5 | Killed a dread lich
 68229 | Vaults:5 | Identified the Elucidation of Gelid Permutations
 68266 | Vaults:5 | Noticed an ancient lich
 68272 | Vaults:5 | Killed an ancient lich
 68340 | Vaults:5 | Reached XP level 26. HP: 204/221 MP: 0/0
 68541 | Vaults:5 | Got a silver rune of Zot
 68855 | Vaults:5 | Identified the +0 pair of boots of Ynuacw {rN+}
 69560 | Zot:1    | Entered Level 1 of the Realm of Zot
 69573 | Zot:1    | Reached skill level 5 in Armour
 70493 | Zot:2    | Reached skill level 10 in Armour
 71014 | Zot:2    | Reached XP level 27. HP: 181/228 MP: 0/0
 71014 | Zot:2    | Learned a level 9 spell: Shatter
 71151 | Zot:2    | Reached skill level 15 in Armour
 71949 | Zot:2    | Upgraded the game from 0.30-a0-946-gec5dcfc036 to
                  | 0.30-a0-1016-gfb0d676c02
 71995 | Zot:3    | Noticed Parghit
 71997 | Zot:3    | Killed Parghit
 72187 | Zot:3    | Identified the ring of Mafanefexe {Dex+2 SInv}
 72206 | Zot:3    | Noticed an ancient lich
 72245 | Zot:3    | Reached skill level 1 in Throwing
 72464 | Zot:3    | Found a transporter.
 72464 | Zot:3    | Found a transporter.
 72467 | Zot:3    | Identified the +0 hat of Ubaut {rC+ Will- Regen+}
 72841 | Zot:4    | Reached skill level 5 in Throwing
 73882 | Zot:5    | Entered Level 5 of the Realm of Zot
 74087 | Zot:5    | Identified the +2 giant club "Qash" {drain, Dex+4}
 74180 | Zot:5    | Noticed an ancient lich
 74191 | Zot:5    | Killed an ancient lich
 74205 | Zot:5    | Noticed a dread lich
 74212 | Zot:5    | Killed a dread lich
 74222 | Zot:5    | Noticed a Killer Klown
 74223 | Zot:5    | Noticed a Killer Klown
 74224 | Zot:5    | Noticed an orb of fire
 74225 | Zot:5    | Killed a Killer Klown
 74226 | Zot:5    | Noticed an orb of fire
 74226 | Zot:5    | Killed a Killer Klown
 74226 | Zot:5    | Noticed a Killer Klown
 74229 | Zot:5    | Noticed an ancient lich
 74230 | Zot:5    | Noticed an ancient lich
 74231 | Zot:5    | Gained mutation: You are clumsy. (Dex -2) [an orb of fire]
 74231 | Zot:5    | Killed a Killer Klown
 74232 | Zot:5    | Killed an orb of fire
 74235 | Zot:5    | Killed an orb of fire
 74241 | Zot:5    | Killed an ancient lich
 74243 | Zot:5    | Killed an ancient lich
 74244 | Zot:5    | Reached skill level 10 in Throwing
 74248 | Zot:5    | Noticed a Killer Klown
 74262 | Zot:5    | Noticed an orb of fire
 74264 | Zot:5    | Noticed an ancient lich
 74265 | Zot:5    | Killed a Killer Klown
 74267 | Zot:5    | Noticed a dread lich
 74267 | Zot:5    | Noticed an orb of fire
 74268 | Zot:5    | Noticed an ancient lich
 74268 | Zot:5    | Noticed a dread lich
 74270 | Zot:5    | Noticed a dread lich
 74272 | Zot:5    | Killed an orb of fire
 74273 | Zot:5    | Noticed an ancient lich
 74275 | Zot:5    | Noticed an ancient lich
 74276 | Zot:5    | Gained mutation: You are weak. (Str -2) [an orb of fire]
 74276 | Zot:5    | Noticed an ancient lich
 74277 | Zot:5    | Killed an orb of fire
 74279 | Zot:5    | Killed an ancient lich
 74280 | Zot:5    | Killed a dread lich
 74280 | Zot:5    | Killed a dread lich
 74285 | Zot:5    | Killed an ancient lich
 74286 | Zot:5    | Killed a dread lich
 74288 | Zot:5    | Killed an ancient lich
 74290 | Zot:5    | Killed an ancient lich
 74291 | Zot:5    | Killed an ancient lich
 74349 | Zot:5    | Lost mutation: Your natural rate of healing is unusually
                  | fast. [potion of mutation]
 74349 | Zot:5    | Lost mutation: You are clumsy. (Dex -2) [potion of
                  | mutation]
 74349 | Zot:5    | Lost mutation: You are weak. (Str -2) [potion of mutation]
 74349 | Zot:5    | Gained mutation: Your body sometimes deteriorates upon
                  | taking damage. [potion of mutation]
 74349 | Zot:5    | Gained mutation: Your spells are a little harder to cast,
                  | but a little more powerful. [potion of mutation]
 74350 | Zot:5    | Lost mutation: Your spells are a little harder to cast, but
                  | a little more powerful. [potion of mutation]
 74350 | Zot:5    | Lost mutation: Your body sometimes deteriorates upon taking
                  | damage. [potion of mutation]
 74420 | Zot:5    | Got the Orb of Zot
 74520 | Zot:1    | Noticed Byps the pandemonium lord
 74523 | Zot:1    | Killed Byps the pandemonium lord
 75085 | D:$      | Escaped with the Orb!

Illustrated notes

Levels and vault maps discovered:
D:1:      kennysheep_arrival_forest, layout_loops_corners
D:2:      wad_river_or_something, layout_basic, serial_shops, shop,
          minmay_fractal_squares_5, uniq_natasha, uniq_terence
D:3:      layout_rooms, dancing_weapons_uskayaw,
          mainiacjoe_overflow_concentric_impassable, elyvilon_altar_4,
          eino_curves_03, grunt_ministairs_7, hex_medium, uniq_sigmund,
          uniq_jessica, uniq_robin, uniq_crazy_yiuf_cottage
D:4:      layout_basic, minmay_temple_entry_proselytizer,
          hangedman_decor_opposing, abandoned_shop, uniq_duvessa
D:5:      layout_gridville, nicolae_shop_gadgets, uniq_pikel, uniq_eustachio
D:6:      layout_basic, nicolae_overflow_two_pavilions, uniq_prince_ribbit1,
          uniq_grinder, uniq_blork_the_orc
D:7:      layout_basic, lemuel_crystal_altar
D:8:      layout_loops_ring, dk_yredelemnul_ordeal, erik_lair_dragon,
          nicolae_ossuary_entry_plus
D:9:      layout_cave_pools, mainiacjoe_overflow_catwalk_spiral, orc_0_dummy,
          serial_shops, shop
D:10:     layout_basic, lemuel_crystal_altar, uniq_josephine, uniq_psyche,
          uniq_gastronok, uniq_lodul
D:11:     fort_yaktaur, layout_basic, hangedman_decor_peaks_small,
          serial_nicolae_subway, nicolae_sub_station_crystal,
          nicolae_sub_station_metal, nicolae_sub_station_stone
D:12:     layout_cave_pools, portal_ice_cave_entry_pillars_2,
          grunt_decor_mini_mirrors, worms_lemuel, uniq_nergalle
D:13:     layout_rooms, serial_shops, shop, nicolae_shop_firing_range
D:14:     layout_gridville, grunt_vaults_entry_fortified,
          chequers_serial_rivers_micro_a, uniq_nessos
D:15:     gammafunk_enter_depths_forms, layout_gridville, minmay_misc_feat_room
Temple:   hellmonk_temple_two_chambers
Lair:1:   layout_regular_city, gammafunk_lair_bear_cave
Lair:2:   layout_gridlike, swamp_mist, minmay_snake_entry_guardpost_small,
          st_stairs_12, lemuel_fruit_tree, infiniplex_staircase_pool_2
Lair:3:   layout_gridlike, nicolae_lair_lil_pond, beast_lair_carwin_9,
          grunt_megastairs_4
Lair:4:   nzn_winding_woodlands_medium [nzn_winding_woodlands_5x5_open_star,
          nzn_winding_woodlands_5x15_crooked,
          nzn_winding_woodlands_5x5_checkerboard,
          nzn_winding_woodlands_hourglass, nzn_winding_woodlands_center_garden,
          nzn_winding_woodlands_5x5_perimeter,
          nzn_winding_woodlands_5x5_default, nzn_winding_woodlands_5x15_garden,
          nzn_winding_woodlands_5x5_cross], layout_big_grid,
          lemuel_fruit_fields, serial_bayou_shore_b
Lair:5:   grunt_lair_end_beastmaster, layout_loops_ring,
          minmay_slime_entry_oklob_enclosed, lightli_volcano_entry_magma_tube
Swamp:1:  layout_falls_marsh, evilmike_swamp_ruin_house_5, swamp_pool5,
          nicolae_swamp_super_fun_site
Swamp:2:  layout_basic_swamp, hangedman_swamp_diagram,
          infiniplex_staircase_pool, uniq_mlioglotl
Swamp:3:  layout_falls_marsh, evilmike_swamp_ruin_house_4,
          nicolae_swamp_orc_logging_accident, swamp_pool5, uniq_nikola,
          uniq_donald
Swamp:4:  swamp, layout_basic_swamp, ebering_ghost_inner_flame
Snake:1:  layout_chambers, basic_altar, minmay_shoptagon, grunt_megastairs_1
Snake:2:  layout_chambers
Snake:3:  layout_grid_maze, nicolae_alphabet_shops, drop_trap
Snake:4:  grunt_snake_rune_spirals, layout_onion, serial_shops, shop,
          serial_bayou_shore_b
Slime:1:  layout_caves, basic_altar
Slime:2:  layout_caves, basic_altar
Slime:3:  layout_caves, nicolae_slime_getting_an_eyeful
Slime:4:  layout_caves
Slime:5
Orc:1:    dreamdust_under_siege, layout_caves, gammafunk_ghost_split,
          nicolae_orc_pool_cavern, minmay_orc_keep, uniq_urug
Orc:2:    st_orc_town, layout_diamond_mine, serial_shops, nicolae_shop_trees
Elf:1:    layout_loops_corners, serial_shops, nicolae_shop_overgrown_old_shop,
          minmay_elf_demonology, lemuel_upstairs_altar, uniq_kirke
Elf:2:    elven_hall_of_blades_hangedman_alternative
          [nicolae_blade_entry_antechamber], layout_loops_ring, serial_shops,
          bzr_entry_lakeside, grunt_megastairs_3
Elf:3:    elf_hall_gauntlet_wide, layout_loops_corners,
          nicolae_twisting_strands, uniq_asterion, uniq_louise
Vaults:1: hangedman_vaults_slice, nicolae_vaults_little_squares_1, v_misc_26,
          hangedman_vaults_corner_blocks, v_misc_29, ontoclasm_vaults_ligature,
          v_misc_28, nicolae_vaults_little_ls, vaults_room_stairs_pillars,
          vaults_mumra_chevron_long, nicolae_vaults_asterisk,
          layout_vaults_big_room, serial_shops, shop
Vaults:2: vaults_standard_mumra_enter_the_diamond, v_misc_24,
          vaults_dpeg_spiral, nicolae_vaults_big_ls,
          nicolae_vaults_bisected_exclaves, v_pattern_4, v_misc_23,
          vaults_dpeg_ring, nicolae_vaults_windows_and_doors_thing,
          vaults_room_stairs_pillars, layout_vaults_omnigrid
Vaults:3: gammafunk_ghost_ooze, vaults_room_boxed,
          minmay_crypt_entry_skeletal_spiral, vaults_dpeg_emergency_exit,
          nicolae_vaults_inception_network, v_misc_10,
          hangedman_vaults_variations, ontoclasm_vaults_hangar,
          vaults_room_door_hall, grunt_vaults_diagonal, v_alt_pattern_1,
          hangedman_vaults_unwind, hangedman_vaults_locks,
          nicolae_vaults_rhombus_6, vaults_room_door_ring,
          layout_vaults_maze_bifur, serial_shops, nicolae_shop_advertising_works
          [nicolae_subvault_shop_adworks]
Vaults:4: st_star, ontoclasm_vaults_ring_small, v_misc_12, v_misc_16,
          ontoclasm_vaults_twist, v_misc_10, v_alt_pattern_3,
          nicolae_vaults_circle_grid_b, v_misc_1, vaults_mumra_chevron,
          vaults_dpeg_hooks, hangedman_vaults_slice, v_misc_12,
          layout_vaults_omnicross, uniq_saint_roka, uniq_margery
Vaults:5
Depths:1: layout_honeycomb, hell_entry, chequers_serial_rivers_room_a,
          serial_shops, shop, zin_scriptorium, minmay_shop_grove,
          uniq_bai_suzhen
Depths:2: minmay_ambush_box, layout_basic, enter_ziggurat_d,
          kennysheep_nondescript, grunt_pan_entry_in_and_out, hell_entry,
          kennysheep_island_fort
Depths:3: minmay_glassy_protrusions, layout_twisted_cross,
          abyss_entry_flame_altar, hell_entry, lemuel_round_altar,
          nicolae_triple_integral
Depths:4: evilmike_zot_entry_diamond, layout_basic,
          chequers_serial_rivers_micro_e, pan_entry, serial_shops,
          nicolae_shop_waterfront, shop, shop, shop, nicolae_shop_statue_plus,
          grunt_hell_entry_dis_mu, chequers_serial_rivers_micro_d, uniq_vv
Zot:1:    layout_cellular_growth, hangedman_elemental_corridor
Zot:2:    minmay_elemental_castle, layout_cathedral_of_symmetry, st_stairs_8,
          grunt_ministairs_10
Zot:3:    gammafunk_the_bubble [the_bubble_gammafunk_plus_minus],
          layout_gridlike, hangedman_zot_decor_checkerboard, uniq_parghit
Zot:4:    layout_basic, hangedman_zot_wheel_spokes
Zot:5:    layout_basic

Skill      XL: |  1  2  3  4  5  6  7  8  9 10 11 12 13 14 15 16 17 18 19 20 21 22 23 24 25 26 27 |
---------------+----------------------------------------------------------------------------------+-----
Spellcasting   | 3 4 6 8 9 10 11 12 13 15 16 18 19 | 19.7
Fighting       | 3 7 8 10 11 13 15 16 17 18 21 22 | 22.6
Stealth        | 2 4 |  4.8
Evocations     | 3 5 9 10 14 | 14.3
Dodging        | 5 8 12 14 15 16 | 16.7
Armour         | 2 14 17 | 17.2
Shields        | 2 6 10 11 15 18 21 23 24 | 24.5
Throwing       | 12 | 12.6

Action                     |  1- 3 |  4- 6 |  7- 9 | 10-12 | 13-15 | 16-18 | 19-21 | 22-24 | 25-27 || total
---------------------------+-------+-------+-------+-------+-------+-------+-------+-------+-------++-------
  Melee: Dagger            |       |     8 |       |       |    10 |       |       |       |       ||    18
         Staff             |       |       |       |       |       |    15 |     3 |     1 |       ||    19
         Spear             |       |       |       |       |       |       |       |    17 |     3 ||    20
  Throw: Dart              |       |     1 |     3 |     4 |    11 |     2 |       |       |       ||    21
         Throwing net      |       |       |       |       |     1 |       |       |       |       ||     1
   Cast: Sandblast         |    42 |    31 |       |       |       |       |       |       |       ||    73
         Stone Arrow       |       |    44 |   103 |   358 |   749 |   587 |   329 |   257 |     2 ||  2429
         Necrotise         |       |     3 |       |       |       |       |       |       |       ||     3
         Cause Fear        |       |       |       |     3 |     1 |       |     1 |       |     3 ||     8
         Ignite Poison     |       |       |       |     1 |       |       |       |       |       ||     1
         Metabolic Englaci |       |       |       |       |     8 |    23 |    24 |    12 |     8 ||    75
         Passwall          |       |       |       |       |     6 |       |       |       |       ||     6
         Simulacrum        |       |       |       |       |       |   239 |   283 |   256 |   273 ||  1051
         Malign Gateway    |       |       |       |       |       |    19 |    25 |    19 |    12 ||    75
         Conjure Ball Ligh |       |       |       |       |       |       |     6 |    16 |     6 ||    28
         Lehudib's Crystal |       |       |       |       |       |       |       |   148 |   285 ||   433
         Summon Horrible T |       |       |       |       |       |       |       |       |    15 ||    15
         Confusing Touch   |       |       |       |       |       |       |       |       |     1 ||     1
         Shatter           |       |       |       |       |       |       |       |       |    26 ||    26
 Invoke: Curse Item        |       |       |     2 |     2 |     3 |     6 |     1 |     4 |       ||    18
         Shatter the Chain |       |       |       |       |     2 |     2 |     1 |     4 |       ||     9
  Evoke: Wand              |       |       |       |     4 |     2 |     4 |     2 |     3 |     6 ||    21
         Condenser vane    |       |       |       |       |       |       |     2 |     1 |     5 ||     8
         Phantom mirror    |       |       |       |       |       |       |       |       |     2 ||     2
         Tin of tremorston |       |       |       |       |       |       |       |       |     1 ||     1
         Phial of floods   |       |       |       |       |       |       |       |       |     1 ||     1
    Use: Scroll            |       |       |     7 |     5 |     6 |     3 |     3 |     8 |     7 ||    39
         Potion            |       |       |       |       |     2 |     3 |     3 |    11 |    25 ||    44
   Stab: Distracted        |       |       |       |       |       |     1 |       |       |     1 ||     2
         Betrayed ally     |       |       |       |       |       |       |       |     1 |       ||     1
 Armour: Robe              |     4 |     3 |       |    10 |    81 |    44 |    14 |    16 |       ||   172
         Troll leather arm |       |       |       |       |       |       |       |     1 |    28 ||    29
  Dodge: Dodged            |    13 |    21 |     6 |    65 |   315 |   197 |   114 |   102 |   159 ||   992
  Block: Other             |       |       |       |       |    18 |    23 |       |       |       ||    41
         Reflection        |       |       |       |       |     3 |     3 |       |       |       ||     6
         Kite shield       |       |       |       |       |       |   145 |    22 |       |       ||   167
         Tower shield      |       |       |       |       |       |       |   255 |   251 |   171 ||   677

Table legend: (Time is in decaauts)
 A = Elapsed time spent in this place.
 B = Non-inter-level travel time spent in this place.
 C = Inter-level travel time spent in this place.
 D = Time resting spent in this place.
 E = Time spent auto-exploring this place.
 F = Levels seen in this place.
 G = Mean time per level.
                   A        B        C        D        E       F      G
               +--------+--------+--------+--------+--------+-----+--------+
         Total |  75169 |  61826 |  13343 |  10909 |  29606 |  57 | 1318.8 |
       Dungeon |  25281 |  20118 |   5163 |   5337 |  11532 |  15 | 1685.4 |
        Temple |     36 |     24 |     12 |      0 |     12 |   1 |   36.0 |
          Lair |   8542 |   7500 |   1042 |   1077 |   5447 |   5 | 1708.4 |
         Swamp |   2965 |   2623 |    342 |    169 |   1091 |   4 |  741.2 |
     Snake Pit |   5154 |   4356 |    798 |    252 |   2260 |   4 | 1288.5 |
    Slime Pits |   1542 |   1177 |    365 |      0 |    236 |   5 |  308.4 |
  Orcish Mines |   4431 |   3783 |    648 |   1121 |   1463 |   2 | 2215.5 |
   Elven Halls |   4342 |   3371 |    971 |    554 |   1281 |   3 | 1447.3 |
        Vaults |   9575 |   7696 |   1879 |    468 |   2395 |   5 | 1915.0 |
        Depths |   5855 |   4594 |   1261 |    172 |   2524 |   4 | 1463.8 |
           Zot |   4422 |   3564 |    858 |    248 |    835 |   5 |  884.4 |
        Bazaar |    117 |    117 |      0 |      0 |      0 |   1 |  117.0 |
       Ossuary |    549 |    549 |      0 |      0 |    451 |   1 |  549.0 |
      Ice Cave |   1841 |   1841 |      0 |   1242 |      0 |   1 | 1841.0 |
       Volcano |    509 |    509 |      0 |    269 |     79 |   1 |  509.0 |
               +--------+--------+--------+--------+--------+-----+--------+

Top non-repeatable levels by time:
    D:14: 3102 daAuts
    D:11: 2874 daAuts
   Orc:2: 2577 daAuts
  Lair:5: 2443 daAuts
    D:10: 2369 daAuts
Vaults:3: 2329 daAuts
Vaults:2: 2130 daAuts
Depths:1: 2115 daAuts
     D:8: 2096 daAuts
    D:15: 2075 daAuts
    D:13: 2049 daAuts
Vaults:4: 2013 daAuts
   Orc:1: 1853 daAuts
   IceCv: 1841 daAuts
Vaults:1: 1751 daAuts
